cohdb
Replays
Latest Replays
All Replays
Popular Replays
Top Player Replays
Match Explorer
How It Works
Community
CoH3 Stats
Reddit
Sign in to upload your games and track your stats! →
Sign in with Steam
Match 25644058
Unlisted
Match 25644058
Overview
Messages
Build Orders
End
Construct Barracks
Selects Airborne Battlegroup
Selects Heavy Machine Gun Paradrop
Heavy Machine Gun Paradrop
Riflemen Squad
1⁄4-ton 4x4 Truck
Grenade Package
Selects Paratrooper Squad Paradrop
Paratrooper Squad Paradrop
Air Support Center
Selects Recon Loiter
Construct Motor Pool
Grasshopper Recon Run
P-47 Dive Bomb
Selects Supply Drop
Paratrooper Squad Paradrop
M8 Greyhound Armored Car
Engineer Squad
P-47 Strafing Run
M24 Chaffee Light Tank
P-47 Strafing Run
M8 Greyhound Armored Car
Construct Tank Depot
Grasshopper Recon Run
P-47 Dive Bomb
Mortar Pit
M4(105) Sherman Bulldozer
Selects Carpet Bombing Run
Supply Drop
Grasshopper Recon Run
Carpet Bombing Run
M18 Hellcat Tank Destroyer
Selects Anti-tank Gun Team Paradrop
Jonatanga
Eliasga89
Eber
PAUG.S®
MongoloAgresiovo
ABCD
M4rvinBot
fancy bruce
0
0
Comments
sign in to comment!
No comments posted yet!